 Dungeon Crawl Stone Soup version 0.28.0-43-g3370ac3207 (webtiles) character file.

Game seed: 13105521135972911610

95 pkoi the Insei (level 4, -1/38 HPs)
             Began as a Draconian Monk on Mar 15, 2022.
             Slain by a black bear (5 damage)
             ... on level 3 of the Dungeon.
             The game lasted 00:02:08 (2554 turns).

pkoi the Insei (Draconian Monk)                     Turns: 2554, Time: 00:02:09

Health: -1/38      AC:  5    Str: 13    XL:     4   Next: 40%
Magic:  4/4        EV: 12    Int: 12    God:
Gold:   138        SH:  0    Dex: 14    Spells: 3/3 levels left

rFire   . . .      SeeInvis .     - Unarmed
rCold   . . .      Faith    .   (no shield)
rNeg    . . .      Spirit   .   (armour unavailable)
rPois   .          Reflect  .   (helmet restricted)
rElec   .          Harm     .   (no cloak)
rCorr   .          Rampage  .   (no gloves)
Will    .....                   (no boots)
Stlth   ++........              (no amulet)
HPRegen 0.12/turn               (no ring)
MPRegen 0.09/turn               (no ring)

@: no status effects
A: AC +5, unfitting armour, cold-blooded
a: no special abilities


You were on level 3 of the Dungeon.
You visited 1 branch of the dungeon, and saw 4 of its levels.

You collected 138 gold pieces.

Inventory:

Wands
 f - a wand of paralysis (5)
 j - a wand of flame (23)
Scrolls
 a - a scroll of enchant weapon {unknown}
 h - 2 scrolls of identify {unknown}
 i - a scroll of enchant armour {unknown}
 k - a scroll of magic mapping {unknown}
 l - a scroll of torment {unknown}
Potions
 b - 2 potions of haste {unknown}
 c - a potion of mutation {unknown}
 d - a potion of curing {unknown}
 e - a potion of magic {unknown}
 g - a potion of flight {unknown}


   Skills:
 - Level 3.2 Fighting
 - Level 2.6 Dodging
 - Level 1.7 Stealth
 + Level 5.2 Unarmed Combat


You had 3 spell levels left.
You didn't know any spells.
Your spell library was empty.

Dungeon Overview and Level Annotations

Branches:
Dungeon (4/15)
 Temple: D:4-7

Altars:


Innate Abilities, Weirdness & Mutations

Your plain brown scales are hard. (AC +5)
You cannot fit into any form of body armour.
You are cold-blooded and may be slowed by cold attacks.


Message History

* * * LOW HITPOINT WARNING * * *
You hit the black bear. You tail-slap the black bear.
The black bear is heavily wounded.
The black bear barely misses you. The black bear closely misses you.
The black bear claws you but does no damage.
You closely miss the black bear.
The black bear is heavily wounded.
You closely miss the black bear.
The black bear is heavily wounded.
The black bear bites you.
* * * LOW HITPOINT WARNING * * *
The black bear claws you but does no damage.
The black bear misses you.
Unknown command.
You punch the black bear!
The black bear is severely wounded.
The black bear goes berserk!
Unknown command.
You closely miss the black bear.
The black bear is severely wounded.
The black bear barely misses you.
The black bear claws you but does no damage. x2
The black bear misses you. The black bear barely misses you.
The black bear claws you but does no damage.
Unknown command.
You barely miss the black bear.
The black bear is severely wounded.
The black bear bites you.
* * * LOW HITPOINT WARNING * * *
The black bear claws you.
* * * LOW HITPOINT WARNING * * *
The black bear claws you.
* * * LOW HITPOINT WARNING * * *
You hit the black bear but do no damage.
The black bear is severely wounded.
The black bear bites you.
* * * LOW HITPOINT WARNING * * *
The black bear claws you but does no damage.
The black bear claws you.
You die...

##################
................@#
#########.######h#
# #.# #.# # #.#
#.# ## #.# #.# .#
#.# #.# .## #.#
#.# ..# #.# #.#
#.# #.# #.#


You could see a black bear (berserk).

Vanquished Creatures
  A hound (D:4)
  A hound skeleton (D:4)
  A dart slug (D:1)
  2 orcs (D:3)
  6 endoplasms
  2 goblins
  7 hobgoblins
  6 kobolds
  4 quokkas
  5 ball pythons
  3 bats (D:2)
  5 frilled lizards
  3 rats
46 creatures vanquished.

Notes
Turn   | Place    | Note
-------+----------+-------------------------------------------
     0 | D:1      | pkoi the Draconian Monk began the quest for the Orb.
     0 | D:1      | Reached XP level 1. HP: 19/19 MP: 1/1
   414 | D:1      | Reached XP level 2. HP: 25/26 MP: 2/2
   735 | D:1      | Reached skill level 4 in Unarmed Combat
  1049 | D:2      | Reached XP level 3. HP: 31/31 MP: 3/3
  1395 | D:3      | Found a faded altar of an unknown god.
  2061 | D:4      | Noticed a black bear
  2408 | D:4      | Reached skill level 5 in Unarmed Combat
  2408 | D:4      | Reached XP level 4. HP: 25/38 MP: 4/4
  2530 | D:4      | Noticed a scorpion
  2554 | D:3      | Slain by a black bear

Illustrated notes

Levels and vault maps discovered:
D:1:      minmay_arrival_wavy_path, layout_basic
D:2:      layout_rooms
D:3:      layout_basic, ebering_ecumenical_altar_webs
D:4:      layout_basic, mainiacjoe_overflow_six_doors_small, uniq_pikel,
          uniq_ijyb, uniq_menkaure, uniq_duvessa

Skill      XL: |  1  2  3 |
---------------+----------+-----
Unarmed Combat | 4 5 |  5.2
Fighting       | |  3.2
Dodging        | |  2.6
Stealth        | |  1.7

Action                   |  1- 3 |  4- 6 || total
-------------------------+-------+-------++-------
Melee: Unarmed           |   116 |    13 ||   129
       Punch             |     5 |       ||     5
       Tailslap          |    11 |     1 ||    12
 Stab: Sleeping          |     7 |       ||     7
Armor: Skin              |    22 |    14 ||    36
Dodge: Dodged            |    66 |    16 ||    82
